Map: Blackburn LE

Players

Dolan

  • Race: Terran Terran

Scarlett - Winner!

  • Race: Zerg Zerg

Event: DreamHack SC2 Masters 2021 Winter

VOD

Have the link to the VOD?

Description

Time

  • Played on: Oct. 6, 2021, 6:26 p.m.
  • Length: 7:09

All games in this series

Show
View Real Time Build Order
Export as new Build Order

Dolan Terran 

Build Orders:  

Get SALT Encoding   

  12  0:00  SCV  
  13  0:12  SCV  
  14  0:17  Supply Depot  
  14  0:24  SCV  
  15  0:38  SCV  
  15  0:40  Barracks  
  16  0:43  Refinery  
  16  0:50  SCV  
  17  0:58  Barracks  
  17  1:04  SCV  
  18  1:16  SCV  
  19  1:19  Barracks  
  19  1:27  Reaper  
  19  1:29  Refinery  
  20  1:43  Orbital Command  
  20  1:46  Reaper  
  21  1:56  Supply Depot  
  21  2:00  Reaper  
  22  2:11  Reaper  
  23  2:19  Reaper  
  23  2:21  SCV  
  23  2:22  Supply Depot  
  25  2:40  Reaper  
  25  2:43  SCV, Reaper  
  28  2:51  Marine  
  29  3:01  SCV  
  29  3:09  Reaper, Command Center  
  29  3:12  Reaper  
  31  3:15  SCV, Reaper  
  33  3:27  SCV  
  34  3:40  SCV  
  36  3:41  Reaper  
  36  3:44  Reaper  
  36  3:47  Engineering Bay  
  35  3:51  Reaper  
  35  4:02  SCV  
  35  4:09  Barracks  
  35  4:13  Terran Infantry Weapons Level 1, Reaper  
  35  4:14  Barracks  
  35  4:16  Reaper  
  37  4:18  SCV  
  37  4:24  Refinery  
  37  4:27  Orbital Command  
  37  4:35  SCV  
  38  4:47  SCV  
  38  4:49  Reaper x3  
  43  4:52  SCV  
  43  4:58  Supply Depot  
  43  4:59  SCV  
  44  5:00  Reaper  
  44  5:01  Reaper  
  44  5:06  SCV  
  47  5:11  SCV  
  48  5:21  Reaper x2  
  48  5:25  Reaper  
  52  5:31  SCV x2, Command Center  
  52  5:33  Reaper  
  52  5:34  Refinery  
  54  5:43  Supply Depot, SCV x2, Reaper  
  57  5:53  Reaper  
  58  6:02  Reaper x2  
  58  6:04  SCV x2  
  62  6:13  Barracks x2  
  62  6:16  Barracks  
  62  6:26  Reaper x2  
  62  6:28  SCV x2  
  62  6:29  Reaper  
  67  6:34  Reaper x2  
  69  6:42  Factory  
Show
View Real Time Build Order
Export as new Build Order

Scarlett Zerg - Winner!

Build Orders: Hatch First 

Get SALT Encoding   

  12  0:00  Drone  
  13  0:12  Overlord  
  13  0:17  Drone  
  14  0:30  Drone x2  
  16  0:48  Hatchery  
  15  0:51  Drone  
  15  0:54  Drone  
  17  0:57  Drone  
  18  1:08  Extractor  
  17  1:13  Spawning Pool  
  17  1:16  Drone  
  17  1:20  Drone  
  18  1:29  Drone  
  19  1:41  Drone  
  20  1:50  Drone  
  21  1:59  Queen  
  21  2:00  Queen  
  21  2:01  Zergling x4  
  27  2:06  Spine Crawler  
  26  2:11  Metabolic Boost  
  26  2:14  Overlord  
  26  2:19  Zergling x2  
  27  2:23  Zergling x2  
  28  2:37  Queen x2  
  28  2:40  Drone  
  33  2:47  Drone x3  
  36  2:55  Overlord  
  36  3:13  Zergling x4  
  36  3:14  Zergling x2  
  36  3:16  Drone x4  
  43  3:25  Overlord  
  43  3:29  Zergling x2  
  43  3:43  Queen  
  45  3:49  Drone x7  
  51  3:59  Drone  
  51  4:00  Overlord  
  50  4:04  Drone x2  
  52  4:13  Hatchery  
  51  4:18  Zergling x2, Overlord  
  52  4:26  Queen x2  
  52  4:27  Overlord  
  57  4:31  Drone x2  
  57  4:32  Extractor  
  57  4:34  Extractor  
  56  4:41  Drone x5  
  61  4:46  Overlord  
  61  4:47  Evolution Chamber  
  61  4:48  Evolution Chamber  
  59  4:53  Zergling x8  
  63  5:04  Zergling x4  
  65  5:11  Zergling x2  
  65  5:12  Zergling x10  
  71  5:14  Zerg Ground Armor Level 1, Zerg Melee Weapons Level 1  
  71  5:19  Queen  
  71  5:21  Zergling x4  
  75  5:25  Queen  
  77  5:30  Zergling x6  
  80  5:37  Drone  
  80  5:39  Lair  
  80  5:40  Drone x3  
  80  5:42  Drone  
  85  5:43  Drone  
  85  5:49  Baneling Nest  
  85  5:54  Drone x4  
  89  6:04  Drone  
  89  6:05  Overlord x2  
  89  6:06  Overlord  
  86  6:19  Drone x3  
  86  6:20  Overlord  
  86  6:25  Drone x6  
  93  6:29  Zergling x6  
  96  6:33  Zergling x6  
  96  6:35  Baneling x7  
  96  6:36  Zergling x2  
  95  6:47  Zergling x8  

Tags
 
Add a new tag
Caveats
  • Supply blocks, unpowered buildings, or Contaminate may cause inaccurate times.
  • Supply counts are checked every 10 seconds.